 Dungeon Crawl Stone Soup version 0.24.1-14-gf8d2b509d9 (console) character file.

Game seed: 15291124926112888578, levelgen mode: deterministic

19 Kagalorn the Charmwright (level 2, 0/23 HPs)
             Began as a Barachi Skald on Nov 11, 2020.
             Slain by a gnoll
             ... wielding a +0 club
              (2 damage)
             ... on level 1 of the Dungeon.
             The game lasted 00:01:29 (308 turns).

Kagalorn the Charmwright (Barachi Skald)             Turns: 308, Time: 00:01:32

Health: 0/23       AC:  3    Str: 12    XL:     2   Next: 75%
Magic:  5/5        EV: 12    Int: 13    God:
Gold:   25         SH:  0    Dex: 11    Spells: 5/6 levels left

rFire    . . .     SeeInvis .   a - +0 hand axe
rCold    . . .     Gourm    .   (no shield)
rNeg     . . .     Faith    .   b - +0 leather armour
rPois    .         Spirit   .   (no helmet)
rElec    .         Reflect  .   (no cloak)
rCorr    .         Harm     .   (no gloves)
MR       .....                  (no boots)
Stlth    +.........             (no amulet)
HPRegen  0.07/turn              (no ring)
MPRegen  0.09/turn              (no ring)

@: slow
A: +LOS, swims, slowness 1, strong legs 1
a: Hop


You were on level 1 of the Dungeon.
You were not hungry.

You visited 1 branch of the dungeon, and saw 1 of its levels.

You collected 25 gold pieces.

Inventory:

Hand Weapons
 a - a +0 hand axe (weapon)
Missiles
 e - 14 stones (quivered)
Armour
 b - a +0 leather armour (worn)
Scrolls
 c - 2 scrolls of identify {unknown}
 f - a scroll of enchant weapon {unknown}
Comestibles
 d - 2 rations


   Skills:
 - Level 2.4 Fighting
 * Level 3.0 Axes
 - Level 1.2 Armour
 - Level 2.1 Dodging
 + Level 2.5 Spellcasting
 + Level 3.5 Charms


You had 5 spell levels left.
You knew the following spells:

 Your Spells              Type           Power        Failure   Level  Hunger
a - Infusion              Chrm           ##..         7%          1    #......

Your spell library contained the following spells:

 Spells                   Type           Power        Failure   Level  Hunger
 Song of Slaying          Chrm           ##......     11%         2    ###....
 Shroud of Golubria       Chrm/Tloc      #.....       22%         2    ###....
 Regeneration             Chrm/Necr      #.........   41%         3    ###....
 Spectral Weapon          Hex/Chrm       #.......     41%         3    ###....


Dungeon Overview and Level Annotations

Branches:
Dungeon (1/15)

Altars:


Innate Abilities, Weirdness & Mutations

Shadows flee at your approach. (+LOS)
You can swim through water.
You cover ground slowly.
You can hop short distances.


Message History

You hit the gnoll.
The gnoll is moderately wounded.
The bat closely misses you. The bat hits you.
The gnoll hits you but does no damage.
You hit the gnoll.
The gnoll is moderately wounded.
You barely miss the bat. The bat hits you but does no damage.
The gnoll hits you with a +0 club!
* * * LOW HITPOINT WARNING * * *
Your leather armour prevents you from hitting the gnoll.
The gnoll is moderately wounded.
The bat hits you but does no damage. The gnoll barely misses you.
The bat barely misses you.
You barely miss the gnoll.
The gnoll is moderately wounded.
You hit the bat.
You kill the bat!
Your Axes skill increases to level 3!
The gnoll hits you with a +0 club.
You die...

.#####.##########.##############.
.......## ###.# #..
.####...#######...###### ##...
.##...............)....# ##....
.##.###.........######.# ##.....
.##.# #.######..###########.....#
.## #.#..####..†#....)......8..#
.. #.....##..#...........<...##
.. ####..##†###@...........>..##
.. ..###...#.# #g##########.....#
...........###.### ##.....
...####..........# ##...) #
##.............# ##...
.............#.... ##..
###.###.####..# .. ##. ...# #...
.... ## ##... ..... ..... #


You could see a gnoll.

Vanquished Creatures
  A dart slug (D:1)
  2 giant cockroaches (D:1)
  A hobgoblin (D:1)
  3 kobolds (D:1)
  2 bats (D:1)
  2 frilled lizards (D:1)
  3 goblins (D:1)
  3 rats (D:1)
17 creatures vanquished.

Notes
Turn   | Place    | Note
-------+----------+-------------------------------------------
     0 | D:1      | Kagalorn the Barachi Skald began the quest for the Orb.
     0 | D:1      | Reached XP level 1. HP: 17/17 MP: 3/3
    77 | D:1      | Reached XP level 2. HP: 14/23 MP: 5/5
   308 | D:1      | Slain by a gnoll

Levels and vault maps discovered:
D:1:      psy_arrival_spokes, layout_rooms

Skill      XL: |  1  2 |
---------------+-------+-----
Axes           | 3 |  3.0
Fighting       | |  2.4
Armour         | |  1.2
Dodging        | |  2.1
Spellcasting   | |  2.5
Charms         | |  3.5

Action                   || total
-------------------------++-------
Melee: Hand axe          ||    69
Armor: Leather armour    ||    21
Dodge: Dodged            ||    39
